 Dungeon Crawl Stone Soup version 0.26-a0-958-gf3041fb45f (webtiles) character file.

Game seed: 1782824241793505798

6 miscthings the Vexing (level 1, 0/13 HPs)
             Began as a Vampire Enchanter on Nov 30, 2020.
             Slain by a hobgoblin (2 damage)
             ... on level 1 of the Dungeon.
             The game lasted 00:00:20 (235 turns).

miscthings the Vexing (Vampire Enchanter)            Turns: 235, Time: 00:00:21

Health: 0/13       AC:  2    Str:  7    XL:     1   Next: 75%
Magic:  3/3        EV:  8    Int: 17    God:
Gold:   26         SH:  0    Dex: 14    Spells: 3/4 levels left

rFire    . . .     SeeInvis +   a - +1 dagger
rCold    . . .     Faith    .   (no shield)
rNeg     . . .     Spirit   .   b - +0 robe
rPois    .         Reflect  .   (no helmet)
rElec    .         Harm     .   (no cloak)
rCorr    .         Rampage  .   (no gloves)
MR       .....                  (no boots)
Stlth    +++.......             (no amulet)
HPRegen  0.24/turn              d - -4 ring of evasion (curse)
MPRegen  0.08/turn              (no ring)

@: regenerating quickly
A: fangs 3, see invisible, unbreathing
a: Exsanguinate


You were on level 1 of the Dungeon.
You visited 1 branch of the dungeon, and saw 1 of its levels.

You collected 26 gold pieces.

Inventory:

Hand Weapons
 a - a +1 dagger (weapon)
Armour
 b - a +0 robe (worn)
Jewellery
 d - a cursed -4 ring of evasion (left hand)
 e - an uncursed ring of resist corrosion {unknown}
Scrolls
 c - a scroll of teleportation {unknown}


   Skills:
 - Level 1.1 Short Blades
 - Level 2.1 Dodging
 - Level 4.4 Stealth
 + Level 2.1 Spellcasting
 + Level 4.9 Hexes


You had 3 spell levels left.
You knew the following spells:

 Your Spells              Type           Power        Failure   Level
a - Corona                Hex            ###....      2%          1

Your spell library contained the following spells:

 Spells                   Type           Power        Failure   Level
 Confusing Touch          Hex            ###.....     8%          3
 Tukima's Dance           Hex            ###.....     8%          3
 Ensorcelled Hibernation  Hex/Ice        ##....       11%         2
 Dazzling Flash           Conj/Hex       ##....       21%         3


Dungeon Overview and Level Annotations

Branches:
Dungeon (1/15)

Altars:


Innate Abilities, Weirdness & Mutations

Your natural rate of healing is unusually fast.
You have razor-sharp teeth.
You have supernaturally acute eyesight. (SInv)
You can survive without breathing.


Message History

You hit the hobgoblin but do no damage.
The hobgoblin is heavily wounded.
The hobgoblin hits you.
You hit the hobgoblin but do no damage.
The hobgoblin is moderately wounded.
The hobgoblin hits you but does no damage.
You closely miss the hobgoblin.
The hobgoblin is moderately wounded.
The hobgoblin hits you.
* * * LOW HITPOINT WARNING * * *
You closely miss the hobgoblin.
The hobgoblin is moderately wounded.
The hobgoblin closely misses you.
You hit the hobgoblin.
The hobgoblin is heavily wounded.
The hobgoblin completely misses you.
You hit the hobgoblin but do no damage.
The hobgoblin is heavily wounded.
The hobgoblin hits you.
You die...

....##.#.#.......
.....#.....########
......†..#..>......
####.#.....######.#
...#.#.#...####...#
..............#.#.#
####.#...#.##.#...#
..[..#.....##.#g###
.....#...#.##.#.@.#
#..........##.#.#.#
#.#........#......#
#.#####...####..###
#.#.............#
#.#.###.####....######
#.#.# #...)..#.#.....#
..#.# #.###..#.#.###.#
#.#.# ### #..#.#.....#


You could see a hobgoblin.

Vanquished Creatures
  A bat (D:1)
  2 goblins (D:1)
  A kobold (D:1)
  A rat (D:1)
5 creatures vanquished.

Notes
Turn   | Place    | Note
-------+----------+-------------------------------------------
     0 | D:1      | miscthings the Vampire Enchanter began the quest for the
                  | Orb.
     0 | D:1      | Reached XP level 1. HP: 13/13 MP: 3/3
   235 | D:1      | Slain by a hobgoblin

Illustrated notes

Levels and vault maps discovered:
D:1:      zelgadis_glass_arrival_small, layout_basic

Action                   || total
-------------------------++-------
Melee: Dagger            ||    29
       Bite              ||     2
 Stab: Sleeping          ||     3
Armor: Robe              ||     4
Dodge: Dodged            ||    12

Table legend: (Time is in decaauts)
 A = Elapsed time spent in this place.
 B = Non-inter-level travel time spent in this place.
 C = Inter-level travel time spent in this place.
 D = Time resting spent in this place.
 E = Time spent auto-exploring this place.
 F = Levels seen in this place.
 G = Mean time per level.
                   A        B        C        D        E       F      G
               +--------+--------+--------+--------+--------+-----+--------+
         Total |    232 |    232 |      0 |      0 |    179 |   1 |  232.0 |
       Dungeon |    232 |    232 |      0 |      0 |    179 |   1 |  232.0 |
               +--------+--------+--------+--------+--------+-----+--------+

Top non-repeatable levels by time:
     D:1: 232 daAuts
